 Dungeon Crawl Stone Soup version 0.21-a0-348-ga060c75 (webtiles) character file.

124 vishdafish the Conjurer (level 4, -12/33 HPs)
             Began as a Demonspawn Fire Elementalist on Oct 6, 2017.
             Killed by divine providence
             ... invoked by an orc priest
              (14 damage)
             ... on level 2 of the Dungeon.
             The game lasted 00:10:07 (2694 turns).

vishdafish the Conjurer (DsFE)                      Turns: 2694, Time: 00:10:09

Health: -12/33     AC:  3    Str:  8    XL:     4   Next: 81%
Magic:  0/7        EV: 12    Int: 18    God:
Gold:   156        SH:  0    Dex: 13    Spells: 4/7 levels left

rFire    . . .     SeeInvis .   g - +0 short sword
rCold    . . .     Gourm    .   (no shield)
rNeg     . . .     Faith    .   a - +1 robe
rPois    .         Spirit   +   (no helmet)
rElec    .         Reflect  .   (no cloak)
rCorr    .         Harm     .   (no gloves)
MR       .....                  (no boots)
Stlth    ++........             l - amulet of inaccuracy (curse)
HPRegen  0.11/turn              (no ring)
MPRegen  0.10/turn              (no ring)

@: no status effects
A: talons 1, powered by death 1, magic shield
a: no special abilities


You were on level 2 of the Dungeon.
You were not hungry.

You visited 1 branch of the dungeon, and saw 2 of its levels.

You collected 156 gold pieces.

Inventory:

Hand Weapons
 e - a +0 club
 g - a +0 short sword (weapon)
Missiles
 d - a javelin (quivered)
Armour
 a - a +1 robe (worn)
Jewellery
 l - a cursed amulet of inaccuracy (around neck)
Scrolls
 h - a scroll of amnesia
 i - a scroll of teleportation
Potions
 k - a potion of brilliance {unknown}
Books
 b - a book of Flames

   Spells                             Type                      Level
   a - Flame Tongue                   Conjuration/Fire             1
   b - Throw Flame                    Conjuration/Fire             2
   c - Conjure Flame                  Conjuration/Fire             3
   d - Inner Flame                    Hexes/Fire                   3
   e - Sticky Flame                   Conjuration/Fire             4
   f - Fireball                       Conjuration/Fire             5
Comestibles
 c - 2 bread rations
 f - a royal jelly
 m - a meat ration
 n - 3 fruits


   Skills:
 + Level 2.1 Fighting
 * Level 2.2 Dodging
 - Level 1.7 Stealth
 * Level 2.2 Spellcasting
 - Level 3.2 Conjurations
 - Level 3.0 Fire Magic


You had 4 spell levels left.
You knew the following spells:

 Your Spells              Type           Power        Failure   Level  Hunger
a - Flame Tongue          Conj/Fire      ##...        4%          1    #......
b - Throw Flame           Conj/Fire      ##....       8%          2    ##.....


Dungeon Overview and Level Annotations

Branches:
Dungeon (2/15)

Altars:
Sif Muna


Innate Abilities, Weirdness & Mutations

You have sharp toenails.
You regenerate a little health from kills.
When hurt, damage is shared between your health and your magic reserves.


Message History

The orc priest mumbles some strange prayers to Beogh against you.
Beogh smites you!
* * * LOW HITPOINT WARNING * * *
Casting: Flame Tongue
Confirm with . or Enter, or press ? or * to list all spells.
You don't have enough magic to cast that spell.
Unknown command.
Okay, then.
Okay, then.
Throwing (i - inventory):
d - 2 javelins (quivered)
Press: ? - help, Shift-Dir - straight line, f/p - orc priest
Aim: an orc priest, wielding a mace (almost dead)
You throw a javelin.
The javelin closely misses the orc priest.
The orc priest calls down the wrath of Beogh upon you.
Pain shoots through your body!
* * * LOW HITPOINT WARNING * * *
The orc priest mumbles some strange prayers to Beogh against you.
Beogh smites you!
You die...

#...........# #.# #(###.#####.#
#.# #.# #)# #.# #.# ####### #.#
#.# ##.####†##### #......
#.###.####...#.......# #.#####
#......<..###..#.#.#.####.##
###..##.##..# #.)...........>#
..#..#.#.#..###..#...._......##
#.#...###......#@.............###
#.#..## ##.#####.##.............#
#.#.## ##......o..............#
#....## ##.#####.(..<............
#..##.###.### #..#.s........##.#
.......#....# #.............#.##
.#.###..###.####..#...........##
#..# #............###.####...##
##.########.#####.# #.# ##.##


You could see an orc priest.

Vanquished Creatures
  An orc priest (D:2)
  2 adders (D:2)
  2 gnolls (D:1)
  An ooze (D:2)
  2 worms (D:2)
  A dart slug (D:2)
  A leopard gecko (D:2)
  4 orcs (D:2)
  7 bats
  4 giant cockroaches
  3 goblins
  4 hobgoblins
  4 kobolds (D:2)
  3 ball pythons
  6 frilled lizards
  2 rats (D:2)
47 creatures vanquished.

Notes
Turn   | Place    | Note
-------+----------+-------------------------------------------
     0 | D:1      | vishdafish the Demonspawn Fire Elementalist began the quest for the Orb.
     0 | D:1      | Reached XP level 1. HP: 13/13 MP: 3/3
   517 | D:1      | Gained mutation: You regenerate a little health from kills. [demonic ancestry]
   517 | D:1      | Reached XP level 2. HP: 20/20 MP: 1/5
   875 | D:2      | Reached skill level 1 in Fighting
  1025 | D:2      | Found a deep blue altar of Sif Muna.
  1135 | D:2      | Gained mutation: You have sharp toenails. [demonic ancestry]
  1135 | D:2      | Reached XP level 3. HP: 23/26 MP: 3/6
  2111 | D:2      | Gained mutation: When hurt, damage is shared between your health and your magic reserves. [demonic ancestry]
  2111 | D:2      | Reached XP level 4. HP: 33/33 MP: 4/7
  2263 | D:2      | Learned a level 2 spell: Throw Flame
  2694 | D:2      | Killed from afar by an orc priest

Vault maps used:
D:1:      nzn_arrival_settlement
D:2:      overflow_temple_1_default, first_bread

Skill      XL: |  1  2  3  4 |
---------------+-------------+-----
Dodging        | 2 |  2.2
Fire Magic     | 3 |  3.0
Fighting       | 1 2 |  2.1
Conjurations   | 2 3 |  3.2
Stealth        | |  1.7
Spellcasting   | |  2.2

Action                   |  1- 3 |  4- 6 || total
-------------------------+-------+-------++-------
Melee: Unarmed           |     8 |       ||     8
       Club              |     9 |       ||     9
       Short sword       |    13 |    13 ||    26
       Kick              |     2 |     2 ||     4
Throw: Javelin           |       |     1 ||     1
 Cast: Flame Tongue      |    78 |    32 ||   110
       Throw Flame       |       |     4 ||     4
  Use: Scroll            |     8 |     1 ||     9
       Potion            |     2 |       ||     2
 Stab: Sleeping          |     1 |     1 ||     2
  Eat: Bread ration      |     1 |       ||     1
       Chunk             |       |     3 ||     3
Armor: Robe              |    22 |    12 ||    34
       Skin              |     3 |       ||     3
Dodge: Dodged            |    47 |    19 ||    66

Table legend:
 A = Spawn XP
 B = Non-spawn XP
 C = Spawn XP percentage of total XP
 D = Spawn monster count
 E = Non-spawn monster count
 F = Spawn count percentage of total count
 G = Total turns spent on level
                    A         B        C        D         E        F      G
               +---------+---------+-------+---------+---------+-------+---------
         Total |       0 |     178 |   0.0 |       0 |      47 |   0.0 |  2694
               +---------+---------+-------+---------+---------+-------+---------
           D:1 |       0 |      46 |   0.0 |       0 |      14 |   0.0 |  1193
           D:2 |       0 |     132 |   0.0 |       0 |      33 |   0.0 |  1501
               +---------+---------+-------+---------+---------+-------+---------
